 Dungeon Crawl Stone Soup version 0.15.1-4-gac8487e (webtiles) character file.

9401 Johnny the Chiller (level 11, -8/89 HPs)
             Began as a Demigod Ice Elementalist on Oct 15, 2014.
             Mangled by a red ugly thing (40 damage)
             ... on Level 9 of the Dungeon.
             The game lasted 00:41:53 (11962 turns).

Johnny the Chiller (Demigod Ice Elementalist)      Turns: 11962, Time: 00:41:53

HP  -8/89        AC  8     Str 13      XL: 11   Next:  2%
MP  13/27        EV 11     Int 24      God:
Gold 515         SH  0     Dex 17      Spells:  7 memorised,  3 levels left

rFire  x . .     SeeInvis .     A - +5 quarterstaff (chaos)
rCold  + . .     Clarity  .     f - +0 ring mail
rNeg   . . .     rCorr    +     (no shield)
rPois  .         rRot     .     (no helmet)
rElec  .         Spirit   .     B - +0 cloak
SustAb .         Warding  .     C - +0 pair of gloves
rMut   .         Stasis   .     (no boots)
Gourm  .                        u - amulet of resist corrosion
MR     +....                    J - ring of regeneration
                                p - ring of ice

@: about to teleport, somewhat resistant to hostile enchantments, unstealthy
A: no striking features
a: no special abilities


You were on level 9 of the Dungeon.
You were very hungry.

You visited 1 branch of the dungeon, and saw 10 of its levels.
You also visited: Sewer and Bailey.

You collected 695 gold pieces.
You spent 180 gold pieces at shops.

Inventory:

Hand weapons
 A - a +5 quarterstaff of chaos (weapon)
Armour
 f - a +0 ring mail (worn)
 B - a +0 cloak (worn)
 C - a +0 pair of gloves (worn)
 U - a troll hide
Magical devices
 m - a wand of lightning (2)
 R - a wand of disintegration (7)
Comestibles
 c - 3 bread rations
 g - 9 meat rations
 G - 2 rotting chunks of hill giant flesh
 M - 14 fruits
 N - 2 beef jerkies
 S - a slice of pizza
Scrolls
 e - a scroll of vulnerability
 h - 3 scrolls of recharging
 j - a scroll of noise {unknown}
 k - 7 scrolls of teleportation
 n - 5 scrolls of remove curse
 q - 2 scrolls of amnesia
 s - 2 scrolls of fog
 w - a scroll of magic mapping
 y - 3 scrolls of blinking {unknown}
 F - a scroll of fear {unknown}
 I - 2 scrolls of enchant armour {unknown}
 Q - a scroll of torment {unknown}
Jewellery
 p - a ring of ice (left hand)
 u - an amulet of resist corrosion (around neck)
 J - a ring of regeneration (right hand)
 K - an uncursed amulet of stasis
 T - an uncursed amulet of warding {unknown}
 V - an uncursed ring of ice
Potions
 a - 3 potions of might
 d - 2 potions of agility
 i - 4 potions of curing
 o - a potion of experience {unknown}
 t - 2 potions of magic
 v - a potion of restore abilities {unknown}
 z - a potion of cancellation {unknown}
 D - a potion of lignification {unknown}
 E - a potion of poison {unknown}
 H - 2 potions of confusion {unknown}
 O - 2 potions of haste
 P - a potion of berserk rage {unknown}
Miscellaneous
 x - a fan of gales (inert)


   Skills:
 * Level 5.8 Fighting
 * Level 4.9 Staves
 + Level 3.8 Armour
 + Level 4.8 Dodging
 + Level 4.6 Stealth
 * Level 5.8 Spellcasting
 * Level 5.2 Conjurations
 * Level 1.0 Charms
 * Level 6.2 Summonings
 + Level 0.1 Translocations
 * Level 6.8 Ice Magic


You had 3 spell levels left.
You knew the following spells:

 Your Spells              Type           Power        Failure   Level  Hunger
a - Freeze                Ice            ####         1%          1    None
b - Summon Ice Beast      Ice/Summ       ######..     10%         4    ###....
c - Mephitic Cloud        Conj/Pois/Air  ###.....     17%         3    ##.....
d - Throw Icicle          Conj/Ice       ######..     10%         4    ###....
e - Flight                Chrm/Air       #.........   24%         3    ##.....
f - Apportation           Tloc           #.........   12%         1    None
g - Shroud of Golubria    Chrm/Tloc      #.........   14%         2    None


Dungeon Overview and Level Annotations

Branches:
Dungeon (10/15)            Temple (0/1) D:4             Orc (0/4) D:10
   Lair (0/8) D:10

Shops:
D:5 ?

Annotations:
D:4 Dowan, Duvessa
D:10 exclusion: ice statue


Message History

You feel better.
The red ugly thing completely misses you.
Your ice beast hits the red ugly thing.
Your ice beast freezes the red ugly thing!!
Drink which item? (? for menu, Esc to quit)
You feel better.
The red ugly thing stings you but does no damage.
Your ice beast closely misses the red ugly thing.
Read which item? (? for menu, Esc to quit)
As you read the scroll of teleportation, it crumbles to dust.
You feel strangely unstable. The red ugly thing barely misses you.
Your ice beast hits the red ugly thing but does no damage.
Unknown command.
Drink which item? (? for menu, Esc to quit)
You feel better. The red ugly thing closely misses you.
Your ice beast hits the red ugly thing but does no damage.
Drink which item? (? for menu, Esc to quit)
You feel better. The red ugly thing stings you!
You are engulfed in flames!!!
The fire burns you terribly!
You die...

##...#....#####..######....#.##
##...#....# #..##...)....##.##
##...+....#####..##.###...####.##
##...#.[..#......##§# ##.## ##.#
##############..##.# #.### ##.
#..##.####...# ## ♣............#
♣♣♣♣♣♣♣.u.........# ♣♣...♣
♣@Y.(#####.####### ♣._.♣♣ ♣#####
#....<... ♣...♣♣ #########
♣.♣..♣♣ #######♣♣.♣♣♣.♣♣
.......♣♣♣...♣.♣ ######.♣♣....[♣♣
#.♣.♣♣♣..♣ #.♣♣...Y♣♣


You could see a red ugly thing and a friendly ice beast.

Vanquished Creatures
  Fannar (D:10)
  An orc knight (Bailey)
  A troll (D:10)
  2 hungry ghosts
  A hippogriff (D:8)
  Edmund (D:4)
  A water moccasin (D:9)
  An ice beast (D:5)
  A sky beast (D:8)
  A small abomination (D:9)
  A phantom (D:4)
  6 ogres
  A big kobold (D:7)
  3 centaurs
  A giant frog (D:8)
  3 killer bees (D:7)
  2 scorpions
  An oklob sapling (D:9)
  3 hounds
  2 crimson imps (D:9)
  Crazy Yiuf (D:3)
  4 orc wizards
  2 iguanas
  3 orc priests
  10 worker ants
  A killer bee zombie (D:8)
  4 green rats
  6 adders
  5 gnolls
  4 shadow imps
  3 worms
  An iguana zombie (D:6)
  An adder skeleton (D:4)
  An adder zombie (D:5)
  3 oozes
  17 orcs
  2 giant cockroaches (D:1)
  21 hobgoblins
  30 kobolds
  7 ball pythons
  16 bats
  6 giant geckos
  23 giant newts
  17 goblins
  A goblin skeleton (D:5)
  12 jackals
  A kobold skeleton (D:4)
  3 orc skeletons
  6 quokkas
  24 rats
  2 fungi (D:3)
271 creatures vanquished.

Vanquished Creatures (collateral kills)
  5 large abominations (D:9)
  2 hill giants (D:10)
  Pikel (D:6)
  A wizard (D:9)
  A centaur skeleton (D:9)
  Grinder (D:4)
  2 trolls
  3 wandering mushrooms (D:9)
  10 yaks (D:10)
  2 hippogriffs
  A hungry ghost (D:10)
  2 steam dragons (D:8)
  A water moccasin (D:10)
  6 small abominations (D:9)
  3 orc warriors
  2 slaves (D:6)
  5 ogres
  A crocodile (D:10)
  A scorpion (D:5)
  A killer bee (D:7)
  An oklob sapling (D:9)
  A crimson imp (D:10)
  5 goliath beetles
  A hound (D:6)
  A jelly (D:8)
  A gnoll shaman (D:4)
  2 orc wizards (D:5)
  3 worker ants
  20 gnolls
  An adder (D:5)
  A shadow imp (D:10)
  An adder skeleton (D:7)
  2 giant geckos
  8 orcs
  A bat (D:7)
  2 goblins
  10 hobgoblins
  2 kobolds
  3 rats
117 creatures vanquished.

Vanquished Creatures (others)
  An air elemental (D:10)
  32 ice beasts
  A slave (D:6)
  A wandering mushroom (D:9)
35 creatures vanquished.

Grand Total: 423 creatures vanquished

Notes
Turn   | Place    | Note
--------------------------------------------------------------
     0 | D:1      | Johnny, the Demigod Ice Elementalist, began the quest for the Orb.
     0 | D:1      | Reached XP level 1. HP: 14/14 MP: 3/3
   212 | D:1      | Reached XP level 2. HP: 10/20 MP: 0/4
   415 | D:1      | Reached skill level 3 in Ice Magic
   916 | D:1      | Reached XP level 3. HP: 23/27 MP: 3/8
  1465 | D:2      | Reached skill level 1 in Fighting
  1465 | D:2      | Reached skill level 1 in Armour
  1589 | D:2      | Found a stormy altar of Qazlal.
  1805 | D:2      | Reached XP level 4. HP: 16/35 MP: 7/10
  1814 | D:2      | Learned a level 4 spell: Summon Ice Beast
  2132 | D:2      | Found a bloodstained altar of Trog.
  2134 | D:2      | Found a basalt altar of Yredelemnul.
  2691 | D:3      | Found a glowing drain.
  2707 | Sewer    | Entered a sewer
  3040 | Sewer    | Reached XP level 5. HP: 21/41 MP: 10/12
  3344 | D:3      | Reached skill level 1 in Summonings
  3473 | D:3      | Noticed Crazy Yiuf
  3481 | D:3      | Killed Crazy Yiuf
  3792 | D:4      | Found a staircase to the Ecumenical Temple.
  3796 | D:4      | Noticed Grinder
  3797 | D:4      | Paralysed by Grinder for 3 turns
  3810 | D:4      | Noticed a phantom
  4163 | D:4      | Noticed Dowan
  4164 | D:4      | Noticed Duvessa
  4242 | D:5      | Entered Level 5 of the Dungeon
  4330 | D:5      | Reached XP level 6. HP: 45/49 MP: 10/15
  4697 | D:5      | Reached skill level 4 in Ice Magic
  4849 | D:5      | Found Opeap's Magic Scroll Shoppe.
  4852 | D:5      | Bought a scroll of identify for 30 gold pieces
  4852 | D:5      | Bought a scroll of teleportation for 45 gold pieces
  4852 | D:5      | Bought a scroll of teleportation for 45 gold pieces
  4852 | D:5      | Bought a scroll of identify for 30 gold pieces
  4852 | D:5      | Bought a scroll of identify for 30 gold pieces
  4888 | D:5      | Noticed an ice beast
  4898 | D:5      | Killed an ice beast
  4943 | D:5      | Reached XP level 7. HP: 51/56 MP: 10/18
  4965 | D:5      | Reached skill level 1 in Staves
  4993 | D:5      | Learned a level 4 spell: Throw Icicle
  5011 | D:5      | Reached skill level 1 in Conjurations
  5092 | D:5      | Noticed an ogre
  5095 | D:5      | Noticed an ogre
  5102 | D:5      | Killed an ogre
  5103 | D:5      | Killed an ogre
  5456 | D:4      | Killed Grinder
  5580 | D:4      | Killed a phantom
  5708 | D:4      | Found a white marble altar of Elyvilon.
  5746 | D:4      | Noticed Edmund
  5759 | D:4      | Killed Edmund
  5776 | D:4      | Reached XP level 8. HP: 44/63 MP: 16/20
  6532 | D:6      | Found a deep blue altar of Sif Muna.
  6541 | D:6      | Noticed Pikel
  6555 | D:6      | Killed Pikel
  6555 | D:6      | Reached skill level 5 in Ice Magic
  7051 | D:7      | Found a flagged portal.
  7066 | Bailey   | Entered a bailey
  7363 | Bailey   | Noticed an orc knight
  7602 | Bailey   | Killed an orc knight
  7602 | Bailey   | Reached XP level 9. HP: 54/71 MP: 8/23
  8470 | D:7      | Found a glowing golden altar of the Shining One.
  9556 | D:9      | Reached skill level 5 in Summonings
  9556 | D:9      | Reached skill level 6 in Ice Magic
  9795 | D:9      | Reached skill level 5 in Fighting
  9985 | D:9      | Reached XP level 10. HP: 60/81 MP: 22/25
 10189 | D:9      | Reached skill level 5 in Spellcasting
 10314 | D:9      | Found a blossoming altar of Fedhas.
 10602 | D:9      | Noticed a large abomination
 10603 | D:9      | Noticed a wizard
 10624 | D:9      | Noticed a large abomination
 10624 | D:9      | Killed a wizard
 10806 | D:9      | Noticed a large abomination
 10814 | D:9      | Killed a large abomination
 10819 | D:9      | Killed a large abomination
 10833 | D:9      | Noticed a large abomination
 10843 | D:9      | Killed a large abomination
 10848 | D:9      | Noticed a large abomination
 10854 | D:9      | Killed a large abomination
 10854 | D:9      | Reached skill level 5 in Conjurations
 10998 | D:9      | Killed a large abomination
 11013 | D:10     | Entered Level 10 of the Dungeon
 11043 | D:10     | Found a staircase to the Orcish Mines.
 11081 | D:10     | Noticed an ice statue
 11228 | D:10     | Noticed Fannar
 11258 | D:10     | Killed Fannar
 11373 | D:10     | Found a staircase to the Lair.
 11391 | D:10     | Identified the Tome of Intoxication (You found it on level 10 of the Dungeon)
 11403 | D:10     | Learned a level 3 spell: Mephitic Cloud
 11407 | D:10     | Learned a level 3 spell: Flight
 11409 | D:10     | Learned a level 1 spell: Apportation
 11412 | D:10     | Learned a level 2 spell: Shroud of Golubria
 11503 | D:10     | Noticed a green ugly thing
 11504 | D:10     | Noticed a cyan ugly thing
 11506 | D:10     | Noticed a cyan ugly thing
 11507 | D:10     | Noticed a green ugly thing
 11511 | D:10     | Noticed a red ugly thing
 11521 | D:10     | Noticed a brown ugly thing
 11665 | D:10     | Noticed a hill giant
 11671 | D:10     | Killed a hill giant
 11671 | D:10     | Reached skill level 1 in Charms
 11681 | D:10     | Noticed a hill giant
 11691 | D:10     | Killed a hill giant
 11721 | D:10     | Reached XP level 11. HP: 76/89 MP: 23/27
 11955 | D:9      | HP: 4/89 [red ugly thing (40)]
 11962 | D:9      | Mangled by a red ugly thing

Action                   |  1- 3 |  4- 6 |  7- 9 | 10-12 || total
-------------------------+-------+-------+-------+-------++-------
Melee: Unarmed           |    13 |       |       |       ||    13
       Dagger            |    56 |       |       |       ||    56
       Short sword       |    34 |       |       |       ||    34
       War axe           |    20 |    93 |       |       ||   113
       Quarterstaff      |       |    65 |   305 |    69 ||   439
Throw: Tomahawk          |       |       |     1 |       ||     1
 Cast: Freeze            |    65 |    55 |    29 |     4 ||   153
       Summon Ice Beast  |       |     2 |    56 |    57 ||   115
       Throw Icicle      |       |       |    19 |     1 ||    20
       Shroud of Golubri |       |       |       |     1 ||     1
Evoke: Wand              |       |       |     6 |     3 ||     9
       Fan of gales      |       |       |       |     1 ||     1
  Use: Scroll            |       |     8 |    10 |     2 ||    20
       Potion            |       |     1 |     1 |     8 ||    10
 Stab: Sleeping          |       |     3 |     6 |       ||     9
       Petrifying        |       |     2 |       |     1 ||     3
       Confused          |       |     1 |     1 |       ||     2
       Paralysed         |       |       |     2 |       ||     2
       Distracted        |       |       |     1 |     1 ||     2
  Eat: Chunk             |     3 |    11 |    21 |     9 ||    44
       Royal jelly       |       |       |     1 |       ||     1
       Beef jerky        |       |       |     2 |       ||     2
       Bread ration      |       |       |     2 |       ||     2
       Fruit             |       |       |     1 |     7 ||     8
       Pizza             |       |       |     1 |       ||     1
